 Dungeon Crawl Stone Soup version 0.22-a0-512-g0943f25 (webtiles) character file.

14851 pk666 the Thaumaturge (level 11, -16/54 HPs)
             Began as a Deep Elf Fire Elementalist on June 19, 2018.
             Was a Believer of Vehumet.
             Killed from afar by a bog body (34 damage)
             ... with a bolt of cold
             ... on level 2 of the Lair of Beasts.
             The game lasted 00:49:44 (14048 turns).

pk666 the Thaumaturge (Deep Elf Fire Elementalist) Turns: 14048, Time: 00:49:45

Health: -16/54     AC:  6    Str:  5    XL:     11   Next: 94%
Magic:  17/39      EV: 18    Int: 24    God:    Vehumet [**....]
Gold:   629        SH:  0    Dex: 15    Spells: 21/36 levels left

rFire    . . .     SeeInvis +   G - staff of poison
rCold    . . .     Gourm    .   (no shield)
rNeg     . . .     Faith    .   t - +1 robe
rPois    +         Spirit   .   D - +2 hat {MR+}
rElec    .         Reflect  .   (no cloak)
rCorr    .         Harm     .   F - +0 pair of gloves
MR       ++...                  (no boots)
Stlth    ++........             (no amulet)
HPRegen  0.18/turn              b - ring of magical power
MPRegen  0.26/turn              i - ring of see invisible

@: about to teleport
A: no striking features
a: Renounce Religion


You were on level 2 of the Lair of Beasts.
You worshipped Vehumet.
Vehumet was pleased with you.
You were hungry.

You visited 3 branches of the dungeon, and saw 12 of its levels.
You also visited: Ossuary.

You collected 629 gold pieces.

Inventory:

Hand Weapons
 v - the +1 whip "Dyetam" {slash, *Drain Int+6}
   (You found it on level 4 of the Dungeon)

   It inflicts extra damage upon your enemies.
   It affects your intelligence (+6).
   It causes draining when unequipped.
Armour
 t - a +1 robe (worn)
 D - a +2 hat of magic resistance (worn)
 F - a +0 pair of gloves (worn)
Magical Staves
 G - an uncursed staff of poison (weapon)
Jewellery
 b - a ring of magical power (left hand)
 i - a ring of see invisible (right hand)
 m - an uncursed ring of flight
Wands
 k - a wand of polymorph (4)
 H - a wand of enslavement (21)
 I - a wand of flame (19)
Scrolls
 a - a scroll of blinking {unknown}
 e - 2 scrolls of enchant armour
 j - 5 scrolls of teleportation
 l - 5 scrolls of identify
 o - 2 scrolls of immolation
 q - 5 scrolls of enchant weapon
 s - a scroll of fog
 y - 4 scrolls of remove curse
 z - a scroll of random uselessness {unknown}
 A - a scroll of silence {unknown}
 C - a scroll of torment {unknown}
 K - a scroll of acquirement {unknown}
Potions
 d - 3 potions of lignification {unknown}
 f - 3 potions of might
 g - 4 potions of brilliance {unknown}
 h - 3 potions of curing
 n - 2 potions of heal wounds {unknown}
 p - a potion of cancellation {unknown}
 r - 2 potions of mutation {unknown}
 u - 2 potions of berserk rage {unknown}
 w - 2 potions of degeneration {unknown}
 x - 3 potions of ambrosia {unknown}
 B - 2 potions of magic {unknown}
 E - a potion of flight {unknown}
Comestibles
 c - 18 rations


   Skills:
 + Level 8.9 Dodging
 - Level 2.4 Stealth
 + Level 13.1 Spellcasting
 + Level 12.0 Conjurations
 + Level 11.5 Fire Magic


You had 21 spell levels left.
You knew the following spells:

 Your Spells              Type           Power        Failure   Level  Hunger
a - Flame Tongue          Conj/Fire      #####        1%          1    None
b - Sticky Flame          Conj/Fire      ######..     1%          4    None
c - Conjure Flame         Conj/Fire      ######..     1%          3    None
l - Blink                 Tloc           N/A          6%          2    None
z - Fireball              Conj/Fire      ######....   1%          5    ###....

Your spell library contained the following spells:

 Spells                   Type           Power        Failure   Level  Hunger
 Magic Dart               Conj           ####         1%          1    None
 Slow                     Hex            ###.....     6%          2    None
 Throw Flame              Conj/Fire      ######       1%          2    None
 Mephitic Cloud           Conj/Pois/Air  ######..     2%          3    None
 Call Imp                 Summ           ###.....     6%          2    None
 Inner Flame              Hex/Fire       #####...     1%          3    None


Dungeon Overview and Level Annotations

Branches:
Dungeon (9/15)             Temple (1/1) D:7            Lair (2/6) D:8
  Swamp: Lair:2-4    Shoals: Lair:2-4     Snake: Lair:2-4    Spider: Lair:2-4
    Orc: D:9-12

Altars:
Ashenzari
Cheibriados
Dithmenos
Elyvilon
Fedhas
Gozag
Hepliaklqana
Kikubaaqudgha
Makhleb
Nemelex Xobeh
Okawaru
Qazlal
Ru
Sif Muna
Trog
Uskayaw
Vehumet
Wu Jian
Xom
Zin
The Shining One

Annotations:
D:7 exclusion: ice statue
Lair:2 Urug


Message History

The bog body barely misses you.
Casting: Sticky Flame (safe; 1% risk of failure)
Confirm with . or Enter, or press ? or * to list all spells.
Aiming: Sticky Flame (safe; 1% risk of failure)
Press: ? - help, Shift-Dir - straight line, f/p - bog body
Aim: a bog body (severely damaged)
The sticky flame hits the bog body.
The bog body resists.
The bog body is almost destroyed.
The bog body is covered in liquid flames!
The flames covering the bog body go out.
The bog body stops burning.
The bog body points at you and mumbles some strange words.
The bolt of cold hits you!
Ouch! That really hurt!
As you read the scroll of teleportation, it crumbles to dust.
You feel strangely unstable. The bog body casts a spell at you.
The bolt of cold hits you!
Ouch! That really hurt!
You die...

#...........#....
#........⌠⌠......
#.......♣..♣.....
#.......♣..♣.....
##.....♣...♣♣....
#.......≈..≈♣ ...
#.......≈..≈♣ .#.
##......≈♣.≈♣
#.##.#@.≈..≈♣
####[.♣n≈..♣♣
#÷..♣§..≈♣
##....§.§≈♣
#....♣§.§§♣
#...♣♣§§§≈♣ ##..♣
§§.♣♣ ##.♣ §§♣≈
###.♣♣§.§♣♣


You could see a bog body.

Vanquished Creatures
  Gastronok (Lair:1)
  A catoblepas (Lair:2)
  3 hydras (Lair:2)
  A two-headed ogre (D:8)
  Pikel (D:6)
  5 spiny frogs
  2 komodo dragons
  4 blink frogs (Lair:2)
  2 hippogriffs
  Grinder (D:6)
  A bog body (Lair:2)
  11 yaks
  Menkaure (Ossuary)
  2 swamp worms (Lair:2)
  3 water moccasins
  A porcupine (Lair:2)
  A black bear (D:8)
  3 ice beasts
  5 orc warriors
  A sky beast (D:8)
  2 phantoms
  A centaur (D:5)
  4 ogres
  2 crocodiles
  2 big kobolds (D:8)
  4 bullfrogs
  A gnoll sergeant (D:7)
  2 scorpions
  5 killer bees (D:8)
  3 wights
  A howler monkey (D:5)
  An electric eel (D:7)
  A jelly (D:7)
  A bullfrog zombie (D:5)
  2 hounds (D:5)
  4 orc priests
  2 centaur skeletons
  11 orc wizards
  2 bullfrog skeletons
  Terence (D:2)
  An iguana (D:7)
  6 worker ants
  3 mummies (Ossuary)
  A worker ant zombie (D:7)
  11 adders
  5 gnolls (D:7)
  A shadow imp (D:8)
  An ooze (D:6)
  2 worms (D:2)
  A dart slug (D:1)
  A leopard gecko (D:5)
  30 orcs
  2 ball pythons
  7 giant cockroaches
  7 goblins
  12 hobgoblins
  8 jackals
  18 kobolds
  4 quokkas
  4 bats
  4 frilled lizards
  A gnoll skeleton (Ossuary)
  3 gnoll zombies (Ossuary)
  6 goblin skeletons (Ossuary)
  A goblin zombie (Ossuary)
  2 hobgoblin skeletons (Ossuary)
  4 hobgoblin zombies (Ossuary)
  A jackal zombie (D:8)
  4 kobold skeletons (Ossuary)
  4 kobold zombies (Ossuary)
  An orc skeleton (Ossuary)
  4 orc zombies (Ossuary)
  2 quokka skeletons
  6 rats
  2 rat skeletons (Ossuary)
  A rat zombie (Ossuary)
  A fungus (Lair:1)
274 creatures vanquished.

Vanquished Creatures (others)
  A slave (D:6)
  An ogre (D:6)
  2 gnoll skeletons (Ossuary)
  A goblin skeleton (Ossuary)
  A goblin zombie (Ossuary)
  2 hobgoblin skeletons (Ossuary)
  3 hobgoblin zombies (Ossuary)
  2 kobold skeletons (Ossuary)
  A kobold zombie (Ossuary)
  2 orc skeletons (Ossuary)
  3 rat zombies (Ossuary)
  2 fungi (Lair:2)
  14 plants
35 creatures vanquished.

Grand Total: 309 creatures vanquished

Notes
Turn   | Place    | Note
-------+----------+-------------------------------------------
     0 | D:1      | pk666 the Deep Elf Fire Elementalist began the quest for the Orb.
     0 | D:1      | Reached XP level 1. HP: 10/10 MP: 6/6
   293 | D:1      | Reached XP level 2. HP: 8/15 MP: 8/8
   906 | D:1      | Reached XP level 3. HP: 16/19 MP: 10/10
  1724 | D:2      | Reached XP level 4. HP: 24/24 MP: 11/11
  1797 | D:2      | Found a sparkling altar of Nemelex Xobeh.
  1875 | D:2      | Found a hazy altar of Hepliaklqana.
  1877 | D:2      | Found a burning altar of Makhleb.
  2095 | D:2      | Noticed Terence
  2116 | D:2      | Killed Terence
  2116 | D:2      | Reached skill level 4 in Spellcasting
  2451 | D:3      | Learned a level 4 spell: Sticky Flame
  2455 | D:3      | Learned a level 3 spell: Conjure Flame
  2541 | D:3      | Found a bloodstained altar of Trog.
  2915 | D:3      | Reached XP level 5. HP: 28/28 MP: 13/13
  3139 | D:4      | Noticed an ogre
  3167 | D:4      | Killed an ogre
  3215 | D:4      | Found an iron altar of Okawaru.
  3285 | D:4      | Noticed a phantom
  3293 | D:4      | Killed a phantom
  3293 | D:4      | Reached skill level 5 in Spellcasting
  3293 | D:4      | Reached XP level 6. HP: 32/32 MP: 15/15
  3380 | D:4      | Found a glowing golden altar of the Shining One.
  3457 | D:4      | Reached skill level 5 in Conjurations
  3482 | D:4      | Found a shattered altar of Ashenzari.
  3760 | D:4      | Got an iridescent whip
  3769 | D:4      | Identified the cursed +1 whip "Dyetam" {slash, *Drain Int+6} (You found it on level 4 of the Dungeon)
  3776 | D:4      | Learned a level 5 spell: Fireball
  3927 | D:5      | Entered Level 5 of the Dungeon
  3979 | D:4      | Reached skill level 5 in Fire Magic
  4413 | D:5      | Reached XP level 7. HP: 36/36 MP: 17/17
  4614 | D:5      | Reached skill level 6 in Spellcasting
  4873 | D:5      | Found an opulent altar of Gozag.
  5264 | D:6      | Reached XP level 8. HP: 41/41 MP: 19/19
  5494 | D:6      | Noticed Pikel
  5504 | D:6      | Killed Pikel
  5504 | D:6      | Reached skill level 7 in Spellcasting
  5720 | D:6      | Reached skill level 8 in Spellcasting
  5774 | D:6      | Found a white marble altar of Elyvilon.
  6179 | D:6      | Noticed Grinder
  6190 | D:6      | Killed Grinder
  6411 | D:7      | Found a sand-covered staircase.
  6421 | Ossuary  | Entered an ossuary
  6861 | Ossuary  | Reached XP level 9. HP: 45/45 MP: 23/23
  6932 | Ossuary  | Noticed Menkaure
  6938 | Ossuary  | Killed Menkaure
  7642 | D:7      | Found a staircase to the Ecumenical Temple.
  7662 | Temple   | Entered the Ecumenical Temple
  7778 | Temple   | Became a worshipper of Vehumet
  8013 | D:7      | Reached skill level 9 in Spellcasting
  9208 | D:7      | Noticed an ice statue
  9402 | D:8      | Reached skill level 10 in Spellcasting
  9513 | D:8      | Reached * piety under Vehumet
  9513 | D:8      | Offered knowledge of Sandblast by Vehumet.
  9952 | D:8      | Noticed a two-headed ogre
  9968 | D:8      | Killed a two-headed ogre
  9968 | D:8      | Reached skill level 10 in Conjurations
  9968 | D:8      | Reached XP level 10. HP: 50/50 MP: 20/26
 10133 | D:8      | Offered knowledge of Throw Frost by Vehumet.
 10159 | D:8      | Reached ** piety under Vehumet
 10260 | D:8      | Found a blossoming altar of Fedhas.
 10336 | D:8      | Reached skill level 5 in Dodging
 10336 | D:8      | Reached skill level 11 in Spellcasting
 10387 | D:8      | Found a staircase to the Lair.
 10761 | Lair:1   | Entered Level 1 of the Lair of Beasts
 10947 | Lair:1   | Noticed Gastronok
 11023 | Lair:1   | HP: 2/50 [Gastronok/the air (21)]
 11550 | Lair:1   | Killed Gastronok
 11550 | Lair:1   | Reached skill level 10 in Fire Magic
 11550 | Lair:1   | Reached XP level 11. HP: 53/54 MP: 28/28
 12431 | Lair:2   | Reached skill level 12 in Spellcasting
 12556 | Lair:2   | Noticed a catoblepas
 12556 | Lair:2   | Noticed a six-headed hydra
 12603 | Lair:2   | Killed a six-headed hydra
 12613 | Lair:2   | Killed a catoblepas
 12807 | Lair:2   | Noticed a seven-headed hydra
 12812 | Lair:2   | Killed a seven-headed hydra
 12970 | Lair:2   | Offered knowledge of Ignite Poison by Vehumet.
 12972 | Lair:2   | Noticed Urug
 12977 | Lair:2   | Noticed a five-headed hydra
 13235 | Lair:2   | Killed a five-headed hydra
 13414 | Lair:2   | Learned a level 2 spell: Blink
 13599 | Lair:2   | Reached skill level 13 in Spellcasting
 14048 | Lair:2   | Killed from afar by a bog body

Vault maps used:
D:1:      elethiomel_arrival_maze
D:2:      nemelex_xobeh_ov_fountains_minmay, nicolae_overflow_hidden_temple,
          minmay_misc_feat_diagonals, uniq_terence
D:3:      trog_book
D:4:      marbit_many_paths, tso_altar, okawaru_gym_becter, first_ration,
          minmay_splitting_lines
D:5:      lemuel_upstairs_altar, nicolae_gozag_seed_capital
D:6:      elyvilon_altar_3, uniq_grinder, uniq_pikel
D:7:      statuecave_lemuel, minmay_temple_entry_trees,
          lightli_ossuary_entry_decrepit_ruins, minmay_misc_feat_columns
D:8:      david_lair_shrubbed, basic_altar, blue_anna_alchemist,
          item_on_display_a
D:9:      orc_david_3, basic_altar, kennysheep_generic_room_3
Temple:   hc_temple_tempest_star
Lair:1:   minivault_24, uniq_gastronok
Lair:2:   nicolae_swamp_entry_splash_gauntlet, uniq_urug
Ossuary:  ossuary_due_pyramid

Skill      XL: |  1  2  3  4  5  6  7  8  9 10 11 |
---------------+----------------------------------+-----
Conjurations   | 2 3 4 5 7 8 10 11 12 | 12.0
Spellcasting   | 4 5 6 8 10 11 13 | 13.1
Fire Magic     | 4 5 6 7 9 10 11 | 11.5
Dodging        | 4 6 8 |  8.9
Stealth        | |  2.4

Action                   |  1- 3 |  4- 6 |  7- 9 | 10-12 || total
-------------------------+-------+-------+-------+-------++-------
Melee: Whip              |       |     3 |     9 |       ||    12
 Cast: Flame Tongue      |    76 |   102 |   295 |    96 ||   569
       Conjure Flame     |       |     7 |    47 |    21 ||    75
       Sticky Flame      |       |     1 |     6 |    21 ||    28
       Fireball          |       |       |     8 |    55 ||    63
 Abil: Evoke Flight      |       |       |     1 |       ||     1
  Use: Scroll            |       |     7 |       |     3 ||    10
       Potion            |       |       |       |     1 ||     1
  Eat: Chunk             |     2 |     9 |    11 |     7 ||    29
       Ration            |       |       |     2 |     3 ||     5
Armor: Robe              |     6 |     5 |     9 |    19 ||    39
Dodge: Dodged            |    13 |    16 |    44 |    60 ||   133

Table legend:
 A = Spawn XP
 B = Non-spawn XP
 C = Spawn XP percentage of total XP
 D = Spawn monster count
 E = Non-spawn monster count
 F = Spawn count percentage of total count
 G = Total turns spent on level
                    A         B        C        D         E        F      G
               +---------+---------+-------+---------+---------+-------+---------
         Total |       0 |   21217 |   0.0 |       0 |     271 |   0.0 | 14048
               +---------+---------+-------+---------+---------+-------+---------
           D:1 |       0 |      42 |   0.0 |       0 |      25 |   0.0 |  1020
           D:2 |       0 |     106 |   0.0 |       0 |      25 |   0.0 |  1384
           D:3 |       0 |      49 |   0.0 |       0 |      16 |   0.0 |   694
           D:4 |       0 |     336 |   0.0 |       0 |      12 |   0.0 |  1116
           D:5 |       0 |     883 |   0.0 |       0 |      25 |   0.0 |  1040
           D:6 |       0 |    1391 |   0.0 |       0 |      25 |   0.0 |  1343
           D:7 |       0 |    1230 |   0.0 |       0 |      26 |   0.0 |  1747
           D:8 |       0 |    3449 |   0.0 |       0 |      44 |   0.0 |  1327
           D:9 |       0 |      90 |   0.0 |       0 |       1 |   0.0 |    82
        Lair:1 |       0 |    4437 |   0.0 |       0 |      11 |   0.0 |  1662
        Lair:2 |       0 |    9021 |   0.0 |       0 |      26 |   0.0 |  1425
       Ossuary |       0 |     183 |   0.0 |       0 |      35 |   0.0 |   868
               +---------+---------+-------+---------+---------+-------+---------
